cohdb
Replays
Latest Replays
All Replays
Popular Replays
Top Player Replays
Match Explorer
How It Works
Community
CoH3 Stats
Reddit
Sign in to upload your games and track your stats! →
Sign in with Steam
Match 43760685
Unlisted
Match 43760685
Overview
Messages
Build Orders
End
Selects Italian Combined Arms Battlegroup
Selects Bersaglieri Squad
Bersaglieri Squad
Kradschützen Motorcycle Team
Bersaglieri Squad
Construct Light Support Kompanie
Assault Grenadier Squad
Fire Support Elements
Selects Bersaglieri Bolster
Flakvierling Half-track
Pak 38 Mechanized Group
2.5-tonne Medical Truck
Selects Breda Model 30 Light Machine Guns
Vehicle Survival Package
Construct Panzerarmee Kommand
Emergency Repair Kits
Combat Half-tracks
Selects Semovente da 75/18 Assault Gun
Selects Carro Armato M13/40 Light Tank
Walking Stuka Rocket Launcher
Panzerjäger Mechanized Group
Selects Artillery Cover
2.5-tonne Medical Truck
Pak 38 Anti-tank Gun Team
Artillery Cover
William Rhodes
Zerg6412
simranjitsingh713
I SikhWarrior I
[Desi]Padda69
56512543
0
0
Comments
sign in to comment!
No comments posted yet!